 Dungeon Crawl Stone Soup version 0.16-a0-3049-g2a447e9 (webtiles) character file.

452 Ololoev the Chopper (level 7, -14/35 HPs)
             Began as a Vine Stalker Berserker on Dec 9, 2014.
             Was a Believer of Trog.
             Demolished by a hill giant
             ... wielding a +0 giant spiked club
              (17 damage)
             ... on level 7 of the Dungeon.
             The game lasted 00:06:53 (1037 turns).

Ololoev the Chopper (Vine Stalker Berserker)        Turns: 1037, Time: 00:06:53

Health: -14/35     AC: 11    Str: 21    XL:     7   Next: 4%
Magic:  0/9        EV:  6    Int:  7    God:    Trog [**....]
Gold:   84         SH:  0    Dex: 14    Spells: 0 memorised, 6 levels left

rFire  . . .     SeeInvis .     a - +0 hand axe
rCold  . . .     Clarity  .     d - +0 plate armour
rNeg   . . .     SustAb   .     (no shield)
rPois  .         Gourm    .     (no helmet)
rElec  .         Spirit   +     (no cloak)
rCorr  .         Warding  .     (no gloves)
rMut   .         Stasis   .     (no boots)
MR     .....                    (no amulet)
Stlth  ..........               (no ring)
                                (no ring)

@: lethally poisoned, exhausted, about to teleport, slowed, very slow, not
resistant to hostile enchantments, extremely unstealthy
A: fangs 2, regeneration 2, magic shield, antimagic bite, no device heal 3, rot
immunity
a: Burn Spellbooks, Berserk, Trog's Hand, Renounce Religion


You were on level 7 of the Dungeon.
You worshipped Trog.
Trog was pleased with you.
You were hungry.

You visited 1 branch of the dungeon, and saw 7 of its levels.

You collected 84 gold pieces.

Notes
Turn   | Place    | Note
--------------------------------------------------------------
     0 | D:1      | Ololoev, the Vine Stalker Berserker, began the quest for the Orb.
     0 | D:1      | Reached XP level 1. HP: 11/11 MP: 1/1
   202 | D:1      | Reached skill level 3 in Axes
   202 | D:1      | Reached XP level 2. HP: 16/16 MP: 3/3
   533 | D:2      | Reached XP level 3. HP: 19/19 MP: 4/4
   605 | D:3      | Acquired Trog's second power
   614 | D:3      | Reached skill level 4 in Axes
   614 | D:3      | Reached XP level 4. HP: 9/23 MP: 2/5
   718 | D:3      | Noticed Kemay's ghost (average OpTm)
   727 | D:3      | Killed Kemay's ghost
   727 | D:3      | Reached XP level 5. HP: 27/27 MP: 7/7
   785 | D:5      | Entered Level 5 of the Dungeon
   792 | D:5      | Noticed a necrophage
   801 | D:5      | Killed a necrophage
   801 | D:5      | Reached skill level 5 in Axes
   801 | D:5      | Gained mutation: You heal very quickly. [vine stalker growth]
   801 | D:5      | Reached XP level 6. HP: 32/32 MP: 8/8
   860 | D:5      | Noticed a sky beast
   881 | D:5      | Killed a sky beast
  1021 | D:5      | Noticed a centaur
  1026 | D:5      | Reached skill level 6 in Axes
  1026 | D:5      | Reached XP level 7. HP: 16/35 MP: 5/9
  1033 | D:7      | Noticed a hill giant
  1037 | D:7      | Demolished by a hill giant

Inventory:

Hand weapons
 a - a +0 hand axe (weapon)
Armour
 d - a +0 plate armour (worn)
Magical devices
 p - a wand of slowing (24)
Scrolls
 b - a scroll of fog
 k - a scroll of recharging
 l - a scroll of noise {unknown}
 q - a scroll of fear {unknown}
Potions
 f - a potion of restore abilities {unknown}
 g - a potion of flight {unknown}
 i - a potion of invisibility {unknown}
 m - a potion of resistance {unknown}
 r - a potion of heal wounds {unknown}
Comestibles
 c - a bread ration
 o - a meat ration

Table legend:
 A = Turns spent in this place as a percentage of turns spent in the entire game.
 B = Non-inter-level travel turns spent in this place as a percentage of non-inter-level travel turns spent in the entire game.
 C = Inter-level travel turns spent in this place as a percentage of turns spent in this place.
 D = Turns resting spent in this place as a percentage of non-inter-level travel turns spent in this place.
 E = Turns spent auto-exploring this place as a percentage of non-inter-level travel turns spent in this place.
 F = Non-inter-level travel turns spent in this place divided by the number of levels of this place that you've seen.
                   A       B       C       D       E      F
               +-------+-------+-------+-------+-------+----------------------
         Total | 100.0 | 100.0 |   0.8 |   1.7 |   1.0 | 103.3
       Dungeon | 100.0 | 100.0 |   0.8 |   1.7 |   1.0 | 103.3
               +-------+-------+-------+-------+-------+----------------------


   Skills:
 - Level 2.6 Fighting
 * Level 6.0 Axes
 + Level 3.6 Armour
 - Level 1.5 Dodging


You had 6 spell levels left.
You didn't know any spells.

Dungeon Overview and Level Annotations

Branches:
Dungeon (7/15)
 Temple: D:4-7

Altars:


Innate Abilities, Weirdness & Mutations

You have extremely sharp teeth.
You heal very quickly.
When hurt, damage is shared between your health and your magic reserves.
Your bite disrupts and absorbs the magic of your enemies.
Potions and wands cannot restore your health.
You are immune to rotting.


Message History

You kill the orc!
Trog accepts your kill.
You feel sick.
You feel a strong urge to attack something.
You feel sick.
There is a stone staircase leading down here.
You are no longer berserk.
You are exhausted.
You feel yourself slow down.
You are feeling hungry.
You climb downwards.
You hear the hiss of flowing sand.
There is an entrance to an ossuary on this level.
Hurry and find it before the portal is buried!
A hill giant comes into view. It is wielding a giant spiked club.
You feel sick.
The hill giant shouts!
There is a stone staircase leading up here.
Read which item? (? for menu, Esc to quit)
Okay, then.
Evoke which item? (* to show all) (? for menu, Esc to quit)
Okay, then.
Read which item? (? for menu, Esc to quit)
As you read the scroll labeled ZEIZXIOCS, it crumbles to dust.
The scroll dissolves into smoke.
It was a scroll of fog.
The hill giant closely misses you.
Read which item? (? for menu, Esc to quit)
As you read the scroll labeled CATOVAINAPP, it crumbles to dust.
It is a scroll of identify.
Identify which item? (\ to view known items) (? for menu, Esc to quit)
k - a scroll of recharging You feel sick.
The hill giant barely misses you.
Read which item? (? for menu, Esc to quit)
As you read the scroll labeled NIUNOD DORI, it crumbles to dust.
You feel blessed for a moment.
It was a scroll of remove curse.
You feel sick. The hill giant completely misses you.
Read which item? (? for menu, Esc to quit)
As you read the scroll labeled OKHLIO VI CRASU, it crumbles to dust.
You feel strangely unstable.
It was a scroll of teleportation.
The hill giant hits you with a giant spiked club!!
You die... ########.... #§§@§§...... ##C##§###### #§ # #. #. .. #. #. .

You could see a hill giant.

Table legend:
 A = Kills in this place as a percentage of kills in entire the game.
 B = Kills by you in this place as a percentage of kills by you in the entire game.
 C = Kills by friends in this place as a percentage of kills by friends in the entire game.
 D = Other kills in this place as a percentage of other kills in the entire game.
 E = Experience gained in this place as a percentage of experience gained in the entire game.
 F = Experience gained in this place divided by the number of levels of this place that you have seen.
                   A       B       C       D       E      F
               +-------+-------+-------+-------+-------+----------------------
         Total | 100.0 | 100.0 |  -nan |  -nan | 100.0 |  92.3
       Dungeon | 100.0 | 100.0 |  -nan |  -nan | 100.0 |  92.3
               +-------+-------+-------+-------+-------+----------------------

Vanquished Creatures
  The ghost of Kemay the Ducker, an average OpTm (D:3)
  A sky beast (D:5)
  A necrophage (D:5)
  An orc priest (D:3)
  An iguana (D:5)
  A worker ant (D:5)
  3 adders
  A giant mite (D:1)
  A shadow imp (D:6)
  2 worms (D:2)
  6 orcs
  2 bats (D:1)
  A bat zombie (D:5)
  A giant cockroach (D:5)
  8 goblins
  5 hobgoblins
  3 kobolds
  A giant cockroach zombie (D:5)
  A giant newt (D:1)
  2 rats
43 creatures vanquished.

Action                   |  1- 3 |  4- 6 |  7- 9 || total
-------------------------+-------+-------+-------++-------
Melee: Hand axe          |    62 |    55 |     1 ||   118
Invok: Berserk           |     2 |     5 |       ||     7
  Use: Scroll            |       |       |     4 ||     4
  Eat: Chunk             |       |     4 |       ||     4
       Pizza             |       |     1 |       ||     1
       Beef jerky        |       |     1 |       ||     1

Vault maps used:
D:1:      minmay_arrival_wavy_path, serial_curves, eino_curves_03,
          eino_curves_02
D:2:      lemuel_crystal_altar, amethyst_overflow_temple_binary
D:3:      first_bread, nicolae_ru_awakened_eye
D:4:      minmay_door_path, nemelex_altar_shiori
D:5:      st_stairs_4
D:6:      minmay_temple_entry_fiery, basic_altar, trog_ov_bears_minmay
D:7:      lemuel_ice_statue, enter_ossuary_3, uniq_crazy_yiuf_cottage,
          uniq_joseph
